[Event "*** Titled Tuesday Blitz"]
[Site "Chess.com"]
[Date "2021.04.06"]
[Round "10"]
[White "NikolaGry"]
[Black "AlexSuv"]
[Result "1-0"]
[WhiteElo "2702"]
[BlackElo "2575"]
[TimeControl "180+1"]
[EndTime "11:57:03 PDT"]
[Termination "NikolaGry won by resignation"]

1. b3 e5 2. Bb2 Nc6 3. c4 g6 4.
e3 Bg7 5. Nf3 Nge7 6. d4 exd4 7.
Nxd4 Nxd4 8. Bxd4 O-O 9. Nc3 Nc6 10. Bxg7 Kxg7 11. Qd2 d6 12. Be2 Be6 13. O-O f5 14.
Rfd1 Qf6 15. Rac1 Rad8 16. Bf3 g5 17. Nb5 Rf7 18. Qc3 a6 19. Qxf6+ Kxf6 20. Bxc6 bxc6 21. Nd4 c5 22. Ne2 Bd7 23. Nc3 Bc6 24. f3 Re8 25.
Kf2 g4 26. Rg1 Rfe7 27. Rce1 h5 28. Rgf1 Kg5 29. f4+ Kg6 30. Re2 h4 31. Rfe1 Rg7 32.
Kf1 g3 33. h3 Rge7 34. Nd5 Bxd5 35. cxd5 Re4 36. Rc1 Rxe3 37. Rce1 Rxe2 38. Rxe2 Rxe2 39.
Kxe2 Kf7 40. Kd3 Ke8 41. a3 Kd7 42. b4 c4+ 43. Kxc4 c6 44. Kd4 Kc7 45. a4 cxd5 46.
Kxd5 Kd7 47. b5 axb5 48. axb5 Kc7 49. b6+ Kxb6 50. Kxd6 Kb5 51. Ke5 Kc4 52. Kxf5 Kd3 53. Kg4 Ke2 54. f5 Kf2 55. f6 Kxg2 56. f7 Kh1 57. f8=Q g2 58. Qf3 Kh2 59. Qxg2+ Kxg2 60. Kxh4 1-0

[Event "*** Titled Tuesday Blitz"]
[Site "Chess.com"]
[Date "2021.04.06"]
[Round "10"]
[White "queen_iryna"]
[Black "ShahMatKanal"]
[Result "1/2-1/2"]
[WhiteElo "2325"]
[BlackElo "2441"]
[TimeControl "180+1"]
[EndTime "11:57:04 PDT"]
[Termination "Game drawn by repetition"]

1. e4 c5 2. Nf3 Nc6 3. Bb5 g6 4.
Bxc6 dxc6 5. d3 Bg7 6. Nc3 e5 7. Be3 Qe7 8. Qd2 Nf6 9. h3 Nd7 10.
Bh6 f6 11. O-O-O Nf8 12. Bxg7 Qxg7 13. Nh2 Ne6 14. g3 Bd7 15. f4 exf4 16. gxf4 O-O-O 17. Nf3 Rhe8 18. Qf2 Qh6 19. Kb1 Qxf4 20. Rdf1 Rf8 21. Qg1 Qd6 22. Nd2 Nd4 23. Nc4 Qe7 24. Qh2 Be6 25. Na5 b6 26. Nb3 c4 27. Nxd4 Rxd4 28. Ne2 Rd7 29. d4 c3 30. d5 Qb4 31.
Nxc3 cxd5 32. exd5 Bxd5 33. Nxd5 Rxd5 34. Rd1 Rfd8 35. Rxd5 Rxd5 36. a3 Qd6 37. Qg2 Kc7 38. Re1 a5 39. Qe2 Kb7 40. Qe7+ Ka6 41. Qxh7 Rd1+ 42. Rxd1 Qxd1+ 43. Ka2 Qxc2 44. h4 a4 45. h5 Qb3+ 46. Kb1 Qd1+ 47. Ka2 Qxh5 48. Qd7 Qb5 49. Qc8+ Ka5 50. Qa8+ Qa6 51. Qd5+ b5 52.
Qd8+ Qb6 53. Qa8+ Qa6 54. Qd8+ Qb6 55. Qa8+ Qa6 56. Qd8+ 1/2-1/2

[Event "*** Titled Tuesday Blitz"]
[Site "Chess.com"]
[Date "2021.04.06"]
[Round "10"]
[White "jraosam"]
[Black "2008king"]
[Result "1/2-1/2"]
[WhiteElo "1886"]
[BlackElo "2180"]
[TimeControl "180+1"]
[EndTime "11:57:05 PDT"]
[Termination "Game drawn - timeout vs insufficient material"]

1. d4 d5 2. e3 Nf6 3. f4 c5 4. c3 Nc6 5. Nf3 Bg4 6. Bd3 e6 7.
h3 Bf5 8. O-O Bd6 9. Ne5 O-O 10.
Bxf5 exf5 11. Nd2 Ne7 12. b3 Rc8 13. Bb2 Nd7 14. Rc1 f6 15. Nxd7 Qxd7 16. c4 Rfe8 17. Nf3 b6 18. Qd3 Kh8 19. Ba3 Qe6 20. Nh4 g6 21.
cxd5 Qxd5 22. Rfd1 cxd4 23. Rxc8 Nxc8 24. Bxd6 Nxd6 25.
Qxd4 Qxd4 26. Rxd4 Nb5 27. Rd5 Nc3 28. Rd7 Rxe3 29. Rxa7 Re1+ 30. Kh2 Nd5 31. Nf3 Re2 32. Nd4 Rd2 33. Ne6 h5 34. Ra8+ Kh7 35. Ra7+ Kh6 36. Nf8 Rxg2+ 37. Kxg2 Nxf4+ 38. Kf3 Kg5 39. h4+ Kxh4 40.
Kxf4 g5+ 41. Kxf5 g4 42. Kxf6 Kh3 43. Kg5 g3 44. Kxh5 g2 45. Rg7 Kh2 46. Rxg2+ Kxg2 47. Kg5 Kf2 48. Kf5 Ke2 49. Ke5 Kd3 50. Kd5 Kc3 51.
Kc6 Kb2 52. b4 Kxa2 53. b5 Ka3 54. Kxb6 Kb4 55. Kc6 Kc4 56. b6 Kc3 57. b7 Kd4 58.
b8=Q Ke4 59. Kd7 Kf5 1/2-1/2

[Event "*** Titled Tuesday Blitz"]
[Site "Chess.com"]
[Date "2021.04.06"]
[Round "10"]
[White "GMRafpig"]
[Black "Shuvalov"]
[Result "1-0"]
[WhiteElo "2612"]
[BlackElo "2476"]
[TimeControl "180+1"]
[EndTime "11:57:08 PDT"]
[Termination "GMRafpig won on time"]

1. c4 c6 2. d4 d5 3. Nf3 Nf6 4.
e3 Bf5 5. Nc3 e6 6. Nh4 Bg6 7.
Nxg6 hxg6 8. a3 Nbd7 9. g3 Be7 10. Bg2 dxc4 11. Qe2 Nb6 12. O-O O-O 13. Rd1 Qc7 14. e4 e5 15. Be3 Rad8 16. h3 Rfe8 17. Kh2 Bd6 18. a4 a5 19. dxe5 Bxe5 20. f4 Bxc3 21. bxc3 Rxd1 22. Rxd1 Nxa4 23. Bd4 b5 24. e5 c5 25. Qf2 cxd4 26. exf6 d3 27. fxg7 Nxc3 28. Rf1 Re2 29. Qd4 Ne4 30. Rf3 Nd2 31. Re3 Rxe3 32. Qxe3 Nb3 33. f5 Kxg7 34. fxg6 fxg6 35. Be4 Qe5 36.
Qa7+ Kh6 37. Qe3+ Kg7 38. Qa7+ Kf6 39. Qb6+ Qe6 40. Qd8+ Ke5 41. Bf3 Qf6 42. Qc7+ Kd4 43. Qa7+ Kc3 44. Bg2 d2 45. Qg1 Qd4 46. Qd1 Qd3 47.
Bf1 Qe3 48. Kg2 Nd4 49. Qa1+ Kb4 50. Qb2+ Kc5 51. Qa1 c3 52. Qa3+ 1-0

[Event "*** Titled Tuesday Blitz"]
[Site "Chess.com"]
[Date "2021.04.06"]
[Round "10"]
[White "LileKoridze"]
[Black "SergioGarciaFuentes"]
[Result "1-0"]
[WhiteElo "2449"]
[BlackElo "2320"]
[TimeControl "180+1"]
[EndTime "11:57:08 PDT"]
[Termination "LileKoridze won on time"]

1. d4 d5 2. c4 c6 3. Nf3 Nf6 4. Nc3 a6 5. e3 b5 6. cxd5 cxd5 7. Bd3 Nbd7 8. O-O Bb7 9. Qe2 Rc8 10.
e4 Rxc3 11. bxc3 dxe4 12. Ng5 exd3 13. Qxd3 e6 14. Re1 Bd5 15. a4 Bc4 16. Qe3 h6 17.
Nf3 Be7 18. axb5 axb5 19. Nd2 Bd5 20. Qe2 O-O 21. Qxb5 Qc7 22. Qd3 Rc8 23. Bb2 Bd6 24. h3 Nf8 25. Rac1 Qb7 26. Rb1 Ba2 27. Ba3 Bxb1 28. Rxb1 Qd7 29. Bb4 Ng6 30. Nc4 Bxb4 31. Nb6 Qc7 32. Nxc8 Bxc3 33. Nb6 Ba5 34. Nc4 Qd8 35.
Rb5 Bc7 36. Rb7 Qd6 37. g3 Qc6 38. Rb1 Nd5 39. Nd2 Qd7 40. Ne4 Nf6 41. Nc5 Qd5 42. Rb5 Qc6 43. Rb3 Qd5 44. Rc3 e5 45.
Na6 Qb7 46. Nxc7 e4 47. Qc2 Nd5 48. Nxd5 Qxd5 49. Qd2 e3 50. Qxe3 h5 51. Rc5 Qd7 52. Rxh5 f6 53. Qb3+ Qf7 54. Qb8+ 1-0

[Event "*** Titled Tuesday Blitz"]
[Site "Chess.com"]
[Date "2021.04.06"]
[Round "10"]
[White "Iskusnyh"]
[Black "Murad_Ibrahimli"]
[Result "0-1"]
[WhiteElo "2636"]
[BlackElo "2818"]
[TimeControl "180+1"]
[EndTime "11:57:13 PDT"]
[Termination "Murad_Ibrahimli won on time"]

1. d4 d5 2. c4 c6 3. Nf3 Nf6 4. e3 Bf5 5. Nc3 e6 6. Nh4 Bg6 7. g3 Nbd7 8. Be2 Bd6 9. O-O dxc4 10. Nxg6 hxg6 11. Bxc4 a6 12. Bd2 Qe7 13. Re1 e5 14. Bf1 O-O 15. Qc2 Rac8 16. Bg2 Rfe8 17. Rad1 exd4 18.
exd4 Qd8 19. Qb3 Qb6 20. Qxb6 Nxb6 21. Bg5 Nfd5 22. Rxe8+ Rxe8 23. Ne4 Be7 24. Bc1 Nd7 25. Bf3 a5 26. Bd2 a4 27. Nc3 N7b6 28. Kf1 Bf6 29.
Be1 Rd8 30. Ne4 Nc4 31. b3 axb3 32. axb3 Nce3+ 33. fxe3 Nxe3+ 34. Ke2 Nxd1 35. Nxf6+ gxf6 36. Kxd1 Rxd4+ 37. Ke2 f5 38. Bc3 Rd8 39. Bf6 Rd6 40. Bc3 Re6+ 41. Kd3 Kf8 42. h4 Ke7 43. Bb4+ Kd7 44.
Bc3 Rd6+ 45. Ke2 Ke6 46. Bd2 Rd8 47. Bf4 Ra8 48. Kd3 Ra2 49. h5 gxh5 50. Bxh5 c5 51. Kc3 b5 52. Bf3 Rf2 53. Bb7 Rf1 0-1

[Event "*** Titled Tuesday Blitz"]
[Site "Chess.com"]
[Date "2021.04.06"]
[Round "10"]
[White "EfrenRamos1"]
[Black "ChessAurochs"]
[Result "0-1"]
[WhiteElo "2326"]
[BlackElo "2535"]
[TimeControl "180+1"]
[EndTime "11:57:13 PDT"]
[Termination "ChessAurochs won by resignation"]

1. d4 Nf6 2. Bg5 d5 3. Nd2 e6 4. Ngf3 c5 5. e3 Nc6 6. c3 Be7 7. Bd3 O-O 8. O-O b6 9. Qe2 Bb7 10. Ba6 Qd7 11. Rfd1 Rfe8 12. Ne5 Bxa6 13. Qxa6 Qc7 14. f4 Nd7 15. Bxe7 Rxe7 16. Ndf3 f6 17. Nxd7 Rxd7 18. Qd3 Re8 19. Qb5 Nd8 20. a4 Nb7 21. Qd3 Nd6 22. Nd2 Qc6 23. h3 e5 24. dxe5 fxe5 25.
fxe5 Rxe5 26. Nf3 Rf5 27. Rf1 Rdf7 28. Rad1 Qxa4 29. Nd2 Qc6 30. Rxf5 Rxf5 31. Rf1 Rxf1+ 32. Nxf1 Ne4 33. c4 dxc4 34. Qxc4+ Kf8 35. Qc2 a5 36. Nh2 Nf6 37. Nf3 Qe4 38. Qd2 Ke7 39. Ng5 Qb1+ 40.
Kh2 Qf5 41. Nf3 Qd5 42. Qc3 h6 43. Kg1 Qd1+ 44. Kh2 Qd6+ 45. Kg1 Qd5 46. Ne5 Ne4 47. Ng6+ Kf7 48. Qe5 Qxe5 49. Nxe5+ Ke6 50. Nc4 Nd6 51. Nxb6 Ke5 52. Na4 c4 53. Kf2 Ke4 54. Ke2 g5 55. Nc5+ Kd5 56. Nb7 Nxb7 57. Kf3 Nc5 58. g4 Nd3 59. h4 Nxb2 60. hxg5 hxg5 61. Ke2 Nd3 62. Kd2 Ke4 63. Kc3 Kxe3 64. Kxc4 Ne5+ 65. Kb5 Nxg4 66. Kxa5 Nf2 67. Kb6 g4 68. Kc6 g3 69. Kd6 g2 70.
Ke6 g1=Q 71. Kf5 Qg4+ 72. Kf6 Qe4 73. Kg5 Nh3+ 74. Kh5 Qg2 75. Kh4 Kf4 0-1

[Event "*** Titled Tuesday Blitz"]
[Site "Chess.com"]
[Date "2021.04.06"]
[Round "10"]
[White "Jospem"]
[Black "Supernotar"]
[Result "1-0"]
[WhiteElo "2912"]
[BlackElo "2711"]
[TimeControl "180+1"]
[EndTime "11:57:14 PDT"]
[Termination "Jospem won on time"]

1. e4 c6 2. Nf3 d5 3. d3 g6 4. Nbd2 Bg7 5. g3 e5 6. Bg2 Ne7 7. O-O O-O 8. Re1 Nd7 9. b4 Qc7 10. a4 b6 11. Bb2 Bb7 12. Qe2 Rfe8 13. a5 Rad8 14. axb6 axb6 15. Ra7 Qb8 16. Rea1 b5 17. Nb3 Nc8 18. R7a2 dxe4 19. dxe4 Ncb6 20. Ne1 Nc4 21.
Nd3 Bf8 22. Bc1 Ndb6 23. Bg5 Be7 24. Bxe7 Rxe7 25. h4 h5 26. Nbc5 Bc8 27. Kh2 Kg7 28.
Qe1 Bg4 29. Qc3 Qd6 30. Ra7 Rde8 31. f4 Kg8 32. fxe5 Nxe5 33. Nxe5 Rxe5 34. Rf1 R8e7 35.
Ra6 Nc4 36. Ra8+ Re8 37. Ra7 R8e7 38. Ra8+ Re8 39. Ra6 R8e7 40. Qd3 Qc7 41. Qd4 Kh7 42. Rf6 Be6 43. Ra8 Bc8 44. Rf4 Nb6 45. Ra1 Nc4 46.
Raf1 Kg8 47. Rf6 Be6 48. Na6 Qc8 49. Nc5 Qc7 50. Bh3 Bxh3 51. Kxh3 Qc8+ 52. Kh2 Qg4 53. R1f2 g5 54. Rg2 Kg7 55. Rf5 f6 56. Rff2 Kh7 57.
Nd3 Rxe4 58. Qxf6 gxh4 59. Nf4 hxg3+ 60. Rxg3 1-0

[Event "*** Titled Tuesday Blitz"]
[Site "Chess.com"]
[Date "2021.04.06"]
[Round "10"]
[White "stepakyedael"]
[Black "Klavdia_Nik"]
[Result "0-1"]
[WhiteElo "2265"]
[BlackElo "2065"]
[TimeControl "180+1"]
[EndTime "11:57:14 PDT"]
[Termination "Klavdia_Nik won on time"]

1. d4 Nf6 2. c4 c5 3. d5 b5 4. cxb5 a6 5. b6 d6 6. Nc3 Nbd7 7. e4 g6 8. a4 Qxb6 9. a5 Qb7 10.
Nf3 Bg7 11. Nd2 Rb8 12. Nc4 O-O 13. Be2 h6 14. O-O Ne8 15. Na4 Nc7 16. Nab6 Nb5 17. Rb1 Nd4 18. Bd3 Kh7 19. b4 Ne5 20. Nxe5 Bxe5 21. bxc5 dxc5 22. f4 Bg7 23. e5 Bf5 24. Be3 Bxd3 25. Qxd3 Nf5 26. Bxc5 h5 27. Bf2 Rfd8 28.
Rbc1 f6 29. e6 Bh6 30. g3 Rd6 31. Rc2 Rbd8 32. Rfc1 Rxe6 33. Qc4 Red6 34. Qc7 Qxc7 35. Rxc7 Kg8 36. Ra7 Kf7 37. Rxa6 h4 38. Kg2 hxg3 39.
hxg3 g5 40. fxg5 Bxg5 41. Rc7 Ne3+ 42. Kf3 Nxd5 43. Raa7 Re6 44. Nc8 Nxc7 45. Rxc7 Rd3+ 46. Kg2 Rd2 47. a6 Be3 48. a7 Rxf2+ 49. Kh3 Ra2 50. Rb7 f5 51. Nd6+ Kf6 52. Nc4 Bd4 0-1

[Event "*** Titled Tuesday Blitz"]
[Site "Chess.com"]
[Date "2021.04.06"]
[Round "10"]
[White "Willhaven3"]
[Black "Eloist"]
[Result "0-1"]
[WhiteElo "2493"]
[BlackElo "2380"]
[TimeControl "180+1"]
[EndTime "11:57:15 PDT"]
[Termination "Eloist won by resignation"]

1. d4 e6 2. Nf3 Nf6 3. c4 b6 4. Nc3 Bb4 5. Bg5 h6 6. Nd2 hxg5 7. e4 Bb7 8. Bd3 Nc6 9. d5 Ne5 10. Be2 Bxc3 11. bxc3 Qe7 12. a4 a5 13. Rb1 O-O 14.
O-O d6 15. g3 g4 16. Re1 g6 17. f4 gxf3 18. Bxf3 Kg7 19. Bg2 Rh8 20. Rf1 Ba6 21. Qe2 Nfd7 22. Rf4 g5 23. Rf2 Raf8 24. Rbf1 Rh6 25.
h3 Rf6 26. Rxf6 Nxf6 27. Qe3 Nfd7 28. Qe2 Nc5 29. Ra1 Bc8 30. Bf1 Bd7 31. Qd1 f5 32.
dxe6 Bxe6 33. exf5 Bxf5 34. Qh5 Bg6 35. Qe2 Nc6 36. Qg2 Qe3+ 37. Kh1 Ne5 38. Qe2 Qxe2 39.
Bxe2 Rf2 40. Re1 Ned3 41. Kg1 Nxe1 42. Kxf2 Ned3+ 43. Ke3 Ne5 44. Bd1 Be8 45. Kd4 Bxa4 46.
Be2 Bd7 47. h4 gxh4 48. gxh4 a4 49. Nb1 Bf5 50. Na3 c6 51. Bf1 Ne6+ 52. Ke3 Kf6 53.
Bg2 Ng4+ 54. Kd2 Ne5 55. Ke3 Nc5 56. Kd4 Be6 57. Nc2 Kf5 58. Bh3+ Kf4 59. Bg2 Kg3 60. Bf1 Kxh4 61. Ke3 Kg3 62. Nd4 Bxc4 63. Bxc4 Nxc4+ 64. Ke2 a3 65. Kd1 a2 66. Nc2 Na4 67. Na1 Nxc3+ 68.
Kc2 Nb5 69. Kb3 d5 70. Kxa2 Kf4 71. Kb3 Ke4 72. Nc2 c5 73. Ne1 Na5+ 74. Kc2 d4 75. Kd2 c4 76. Ke2 c3 0-1

[Event "*** Titled Tuesday Blitz"]
[Site "Chess.com"]
[Date "2021.04.06"]
[Round "10"]
[White "catzapto"]
[Black "madamDD"]
[Result "1/2-1/2"]
[WhiteElo "2106"]
[BlackElo "2378"]
[TimeControl "180+1"]
[EndTime "11:57:16 PDT"]
[Termination "Game drawn by repetition"]

1. e4 Nf6 2. Nc3 d6 3. f4 d5 4. e5 d4 5. exf6 dxc3 6. fxe7 Qxe7+ 7. Qe2 cxd2+ 8. Bxd2 Qxe2+ 9. Bxe2 Bc5 10. O-O-O Nc6 11.
Nf3 Bf5 12. Bb5 O-O 13. h3 Nd4 14. Nxd4 Bxd4 15. Bb4 Rfd8 16. Rhe1 c5 17. Bc3 Bxc3 18.
bxc3 a6 19. Bd3 Be6 20. Kb2 Bd5 21. g4 Kf8 22. c4 Bc6 23. Bf1 h6 24. Kc3 b5 25.
cxb5 axb5 26. Rxd8+ Rxd8 27. Re5 Bd5 28. Bxb5 f6 29.
Re3 Bxa2 30. Bc4 Bxc4 31. Kxc4 Rd4+ 32. Kxc5 Rxf4 33. c4 f5 34. gxf5 Rxf5+ 35. Kd6 Rf6+ 36. Re6 Rf3 37. c5 Rd3+ 38. Ke5 Rxh3 39. c6 Rc3 40. Kd6 Kf7 41. Re5 Kf6 42. Rc5 Rd3+ 43.
Kc7 Ke7 44. Kc8 Kd6 45. Rc1 Rf3 46. c7 Rf8+ 47. Kb7 Rf7 48. Kb8 Rxc7 49. Rxc7 g5 50. Rh7 Ke5 51. Rxh6 Kf4 52. Kc7 g4 53. Kd6 g3 54. Kd5 g2 55. Rg6 Kf3 56. Kd4 Kf2 57.
Rf6+ Ke1 58. Rg6 Kf2 59. Rf6+ Ke1 60. Rg6 Kf2 1/2-1/2

[Event "*** Titled Tuesday Blitz"]
[Site "Chess.com"]
[Date "2021.04.06"]
[Round "10"]
[White "bushrashuaibi"]
[Black "Darius321"]
[Result "1/2-1/2"]
[WhiteElo "2209"]
[BlackElo "2263"]
[TimeControl "180+1"]
[EndTime "11:57:17 PDT"]
[Termination "Game drawn - insufficient material"]

1. d4 d5 2. Nf3 e6 3. Bg5 Be7 4.
Bxe7 Nxe7 5. e3 O-O 6. Bd3 c5 7. Bxh7+ Kxh7 8. Ng5+ Kg6 9. h4 Rh8 10. Qd3+ f5 11. dxc5 Nbc6 12. Nd2 e5 13. O-O-O e4 14. Qe2 d4 15. g4 d3 16. cxd3 Qxd3 17. Qxd3 exd3 18. Nc4 fxg4 19. Rxd3 Bf5 20. Rd6+ Kh5 21. e4 Bg6 22. Ne3 Rad8 23. Nf1 Rxd6 24. Ng3+ Kh6 25. cxd6 Nc8 26. d7 Nb6 27. Rd1 Rd8 28. Nf5+ Bxf5 29. Nf7+ Kg6 30. Nxd8 Nxd8 31. exf5+ Kxf5 32. h5 Ke6 33. Rg1 Nxd7 34. Rxg4 Kf6 35. Rg6+ Kf7 36. Kd2 Nf6 37. Rg5 Ne6 38. Rb5 b6 39. f3 Nc5 40. Ke3 Ke6 41. b4 Ncd7 42. a4 Nd5+ 43. Kd4 N7f6 44. a5 Nc7 45. Re5+ Kd6 46.
Re1 bxa5 47. bxa5 Nxh5 48. Rd1 Kc6 49. Ke3 Nd5+ 50. Kd4 Nhf6 51. Rg1 Kb5 52. Rxg7 a6 53. Ra7 Kxa5 54. Rxa6+ Kxa6 55. Ke5 Kb6 56. f4 Kc5 57. f5 Kc6 58. Ke6 Kc5 59. Kf7 Kd4 60. Ke6 Ke4 61. Kf7 Kxf5 1/2-1/2

[Event "*** Titled Tuesday Blitz"]
[Site "Chess.com"]
[Date "2021.04.06"]
[Round "10"]
[White "GMSrinath"]
[Black "kirillshevchenko"]
[Result "1/2-1/2"]
[WhiteElo "2838"]
[BlackElo "2853"]
[TimeControl "180+1"]
[EndTime "11:57:19 PDT"]
[Termination "Game drawn by repetition"]

1. Nf3 Nf6 2. c4 g6 3. g3 Bg7 4. Bg2 O-O 5. O-O d6 6. d4 Nc6 7.
Nc3 e5 8. dxe5 dxe5 9. Bg5 h6 10. Qxd8 Rxd8 11. Bxf6 Bxf6 12. Nd5 Kg7 13. Nxc7 Rb8 14.
Nd5 e4 15. Nd2 e3 16. fxe3 Bxb2 17. Rab1 Ba3 18. Nf3 Bc5 19. Rbd1 Bg4 20. h3 Bxf3 21. Bxf3 Ne5 22. Rc1 Rd6 23. Kg2 Ra6 24. Rc2 Ra3 25.
Rb1 b6 26. Rb3 Ra4 27. Rbc3 Re8 28. Nf4 Re7 29. Bd5 Rb4 30. Rb3 Ra4 31. Rbc3 Ra5 32.
Rb3 Nd7 33. Kf2 Ne5 34. Kg2 h5 35. e4 Nd7 36. Nd3 Bd6 37. Rb5 Ra3 38. Rb3 Ra5 39. e3 Nc5 40. Nxc5 Bxc5 41. Rf2 Bd6 42. Rb5 Ra3 43. Rb3 Ra4 44. Rd3 Be5 45. Rc2 Ra5 46. Bc6 Rc5 47. Bd5 Bc7 48. Rb3 Re5 49. Rf2 f6 50. Rb5 Bd6 51. Rxc5 Bxc5 52. Kf3 Re7 53. g4 hxg4+ 54. hxg4 Re8 55. Ke2 g5 56. Kd3 Bd6 57.
a4 a5 58. Rb2 Bb4 59. Rf2 Bd6 60. Rb2 Bb4 61. Rf2 Bd6 1/2-1/2

[Event "*** Titled Tuesday Blitz"]
[Site "Chess.com"]
[Date "2021.04.06"]
[Round "10"]
[White "Deepweb2020"]
[Black "kubal123"]
[Result "1-0"]
[WhiteElo "2507"]
[BlackElo "2231"]
[TimeControl "180+1"]
[EndTime "11:57:20 PDT"]
[Termination "Deepweb2020 won by resignation"]

1. d4 d5 2. c4 Nc6 3. Nf3 Bg4 4. e3 e5 5. Qb3 Bxf3 6. Qxb7 Na5 7. Qa6 Bg4 8. Qxa5 exd4 9. Qxd5 Qxd5 10. cxd5 Bb4+ 11. Bd2 Bxd2+ 12. Nxd2 dxe3 13. fxe3 Nf6 14. h3 Bf5 15.
Bb5+ Bd7 16. Bxd7+ Kxd7 17. O-O-O Rhe8 18. Rhe1 Re5 19. Nf3 Re7 20. Nd4 g6 21. Nc6 Re4 22. Nd4 Ne8 23.
Nb5 Nd6 24. Nc3 Re5 25. b3 Rae8 26. Kd2 f5 27. Kd3 h5 28. Rd2 g5 29. Rf2 h4 30.
a3 a5 31. a4 Rb8 32. Kc2 Rb4 33. Ree2 Rb8 34. Rf3 Rbe8 35. Kd3 Ne4 36. Kd4 Nxc3 37.
Kxc3 Rxd5 38. Ref2 Rde5 39. Rxf5 Rxf5 40. Rxf5 Rxe3+ 41. Kc4 Rg3 42. Rxa5 Rxg2 43. Rf5 Ke6 44. Rc5 g4 45. Rh5 gxh3 46. Rxh4 h2 47. Kc5 Rc2+ 48. Kb5 Rb2 49. b4 Kd6 50. Rh6+ Kd7 51. a5 c6+ 52.
Kc5 Rc2+ 53. Kb6 Ra2 54. a6 Rb2 55. Kc5 Rc2+ 56. Kb6 Rb2 57. a7 Rxb4+ 58. Ka5 Rb5+ 59. Ka6 Rb1 60. a8=Q Ra1+ 61. Kb7 Rb1+ 62. Ka7 Ra1+ 63. Kb8 Rb1+ 64. Qb7+ Rxb7+ 65. Kxb7 c5 66. Kb6 c4 67.
Kb5 c3 68. Rxh2 1-0

[Event "*** Titled Tuesday Blitz"]
[Site "Chess.com"]
[Date "2021.04.06"]
[Round "10"]
[White "volunteers1998"]
[Black "suneebaker"]
[Result "1/2-1/2"]
[WhiteElo "2193"]
[BlackElo "2119"]
[TimeControl "180+1"]
[EndTime "11:57:22 PDT"]
[Termination "Game drawn by repetition"]

1. e4 e5 2. Nc3 Nc6 3. Bc4 Nf6 4. d3 Bc5 5. f4 d6 6. Nf3 Na5 7. Bb3 exf4 8. Bxf4 Nxb3 9. axb3 d5 10. exd5 Nxd5 11. Qe2+ Be6 12. Bg5 Be7 13. Bxe7 Qxe7 14. O-O Nxc3 15.
bxc3 Qc5+ 16. Nd4 O-O 17. b4 Qb6 18. Kh1 Rae8 19. Nxe6 Rxe6 20. Qf2 Qxf2 21. Rxf2 a6 22. g3 Rfe8 23. Kg2 f6 24. c4 Re3 25. b5 axb5 26. cxb5 b6 27. Ra7 R8e7 28. Rf3 Re2+ 29. Rf2 Kf7 30.
c4 R2e3 31. Rf3 Re2+ 32. Rf2 Re1 33. Rd2 Rd7 34. Kf2 Re5 35. d4 Re4 36. Kf3 f5 37.
c5 bxc5 38. b6 Re8 39. Rxc7 Rxc7 40. bxc7 Rc8 41. Kf4 cxd4 42. Rxd4 Rxc7 43. Kxf5 g6+ 44. Kf4 Ke6 45. h4 h6 46. g4 Rc1 47. Ra4 Rf1+ 48.
Kg3 Kf6 49. Kg2 Rb1 50. Kg3 Rb3+ 51. Kf4 g5+ 52. hxg5+ hxg5+ 53. Ke4 Rg3 54. Ra6+ Kg7 55. Kf5 Rf3+ 56. Kxg5 Rf7 57. Rg6+ Kh7 58. Rf6 Rb7 59.
Kf5 Kg7 60. Rg6+ Kf7 61. Ra6 Rb5+ 62. Kf4 Rc5 63. g5 Rb5 64. Kg4 Rb7 65. Kh5 Kg7 66. Kg4 Rb4+ 67. Kh5 Rb7 68. Kg4 Rb4+ 69. Kh5 Rb7 1/2-1/2

[Event "*** Titled Tuesday Blitz"]
[Site "Chess.com"]
[Date "2021.04.06"]
[Round "10"]
[White "MarkoPe"]
[Black "lucachess49"]
[Result "0-1"]
[WhiteElo "2280"]
[BlackElo "2424"]
[TimeControl "180+1"]
[EndTime "11:57:23 PDT"]
[Termination "lucachess49 won on time"]

1. e4 e5 2. Nf3 Nc6 3. Bb5 a6 4. Ba4 Nf6 5. O-O Be7 6. Re1 b5 7. Bb3 d6 8. c3 O-O 9. h3 Na5 10. Bc2 c5 11. d4 Qc7 12. Nbd2 Nc6 13. d5 Nd8 14. Nf1 Ne8 15. Ng3 g6 16. Bh6 Ng7 17. Nh2 f6 18. Qf3 Nf7 19. Be3 Bd7 20. Ng4 Ng5 21.
Bxg5 fxg5 22. Nh6+ Kh8 23. Nf7+ Kg8 24. Nh6+ Kh8 25. Nf7+ Rxf7 26. Qxf7 Bg4 27. hxg4 Rf8 28. Qf3 Rxf3 29. gxf3 h5 30. gxh5 gxh5 31. Kg2 h4 32.
Rh1 Kg8 33. Nf1 Nh5 34. Ne3 Nf4+ 35. Kf1 c4 36. Ng2 Ng6 37. Ke2 Qc5 38. Rag1 Bd8 39.
Nxh4 Nf4+ 40. Kf1 b4 41. Ng2 Bb6 42. Ne3 Bd8 43. Ng2 b3 44. Bb1 bxa2 45. Bxa2 Nd3 46. Ne3 Nf4 47. Bxc4 Qa5 48. Ke1 Qa1+ 49. Kd2 Qxb2+ 50.
Nc2 Ba5 51. Rxg5+ Kf7 52. Rh7+ Kf6 53. Rf5+ Kg6 54. Rhf7 Qxc3+ 55. Kc1 Qxc4 0-1

[Event "*** Titled Tuesday Blitz"]
[Site "Chess.com"]
[Date "2021.04.06"]
[Round "10"]
[White "laskerisalive"]
[Black "FMOlexandrProhorov"]
[Result "0-1"]
[WhiteElo "2380"]
[BlackElo "2228"]
[TimeControl "180+1"]
[EndTime "11:57:24 PDT"]
[Termination "FMOlexandrProhorov won on time"]

1. d4 g6 2. g3 Bg7 3. Bg2 c5 4. c3 cxd4 5. cxd4 d5 6. Nf3 Nc6 7. O-O Nf6 8. Nc3 O-O 9. Ne5 Be6 10. Nxc6 bxc6 11. Na4 Nd7 12. b3 Bf5 13. Ba3 Re8 14.
Rc1 Rc8 15. Qd2 e5 16. dxe5 Nxe5 17. Bb2 h5 18. Bd4 a6 19. Qb2 Bf6 20. Nc5 Ng4 21. e3 Bxd4 22. Qxd4 a5 23. h3 Nf6 24. Nb7 Qe7 25. Nxa5 Bd7 26. Nb7 Ne4 27. Nc5 Nxc5 28. Qxc5 Qf6 29. Rfd1 Ra8 30. Rd2 h4 31. Qd4 Qxd4 32.
exd4 hxg3 33. fxg3 Re3 34. Kf2 Rae8 35. Rcc2 Re1 36.
Re2 R8xe2+ 37. Rxe2 Rd1 38. Re7 Bf5 39. g4 Bb1 40. a4 Rxd4 41. a5 Rd2+ 42. Kg1 Ra2 43. Ra7 Bd3 44. Ra8+ Kg7 45. Rc8 Bb5 46. Ra8 Kf6 47.
b4 Ke5 48. Re8+ Kf4 49. Rf8 Kg3 50. Bf1 Ra1 51. Rxf7 d4 52. Rf2 d3 53. Rg2+ Kf3 54.
Rf2+ Kg3 55. Rg2+ Kf4 56. Rf2+ Ke3 57. Kg2 c5 58. Rf3+ Kd4 0-1

[Event "*** Titled Tuesday Blitz"]
[Site "Chess.com"]
[Date "2021.04.06"]
[Round "10"]
[White "GregShahade"]
[Black "ViditYT"]
[Result "1-0"]
[WhiteElo "2744"]
[BlackElo "2915"]
[TimeControl "180+1"]
[EndTime "11:57:26 PDT"]
[Termination "GregShahade won on time"]

1. e4 c5 2. Nf3 d6 3. d4 cxd4 4.
Nxd4 Nf6 5. Nc3 Nc6 6. f3 e6 7.
Be3 Be7 8. Qd2 a6 9. O-O-O Nxd4 10. Bxd4 b5 11. g4 O-O 12. g5 Nd7 13. h4 Ne5 14.
Qf2 Qc7 15. Kb1 b4 16. Na4 Bb7 17. Nb6 Rad8 18. Bg2 f5 19. gxf6 Bxf6 20. Na4 Nc4 21. Bxf6 Rxf6 22. Qd4 e5 23. Qd3 d5 24. exd5 Bxd5 25.
f4 Rfd6 26. fxe5 Bxg2 27. exd6 Rxd6 28. Qe2 Qc6 29. Rxd6 Nxd6 30. Qe6+ Kh8 31. Rd1 Qxa4 32. Qxd6 h6 33. Qd8+ Kh7 34. Qd3+ Kh8 35. Qg3 Be4 36.
Qb3 Qc6 37. Rd8+ Kh7 38. Qg8+ Kg6 39. Qe8+ Qxe8 40. Rxe8 Kf5 41. Re7 g6 42. Ra7 Kg4 43. Rxa6 Kxh4 44. Ra4 Kg3 45. Rxb4 Bf5 46. a4 h5 47. a5 Bc8 48. Rc4 Bb7 49. Rc7 Be4 50.
Re7 Bd5 51. Rd7 Be4 52. Re7 Ba8 53. Rg7 Be4 54. a6 h4 55. a7 h3 56. Rxg6+ Kf2 57.
Rh6 Kg2 58. Rh4 h2 59. Kc1 Kg3 60. Rxh2 Kxh2 61. Kd2 Kg3 62. Ke3 1-0

[Event "*** Titled Tuesday Blitz"]
[Site "Chess.com"]
[Date "2021.04.06"]
[Round "10"]
[White "NiranjanNavalgund"]
[Black "Aygehovit1992"]
[Result "0-1"]
[WhiteElo "2498"]
[BlackElo "2651"]
[TimeControl "180+1"]
[EndTime "11:57:27 PDT"]
[Termination "Aygehovit1992 won by checkmate"]

1. e4 c5 2. d4 cxd4 3. c3 dxc3 4. Bc4 Nc6 5. Nf3 e6 6. O-O Nf6 7. Nxc3 a6 8. e5 Ng4 9. Bf4 Qc7 10. Qe2 f6 11. Nd5 Qb8 12. exf6 Bd6 13. fxg7 Rg8 14. h3 Bxf4 15. hxg4 Rxg7 16. Nb6 Ra7 17. Rad1 Bc7 18. Nd5 b5 19. Bb3 Bd8 20. g5 Bxg5 21. Nxg5 Rxg5 22. Qe4 Qe5 23. Qh4 Qg7 24. Nf4 Ne5 25. f3 Bb7 26. Kf2 h6 27. Rfe1 Qf6 28. Re3 Ng4+ 29. fxg4 Qxf4+ 30. Ke2 Qxg4+ 31. Qxg4 Rxg4 32. g3 Rg6 33. Rd6 Ke7 34.
Rb6 Bc6 35. Rb8 a5 36. Bc2 Rf6 37. Rg8 a4 38. a3 Rb7 39. Rg7+ Kf8 40. Rh7 b4 41.
Kd2 bxa3 42. bxa3 Rb2 43. Kc3 Rb5 44. Bxa4 Rb6 45. Bc2 Kg8 46. Re7 Rf7 47. Re8+ Kg7 48. Rd8 Bb5 49. g4 Rc6+ 50. Kb3 d5 51. a4 Bc4+ 52. Kb4 Rb7+ 53. Ka3 Bf1 54. g5 Rxc2 55. gxh6+ Kxh6 56. Rxe6+ Kg7 57. Re5 Bc4 58. Rg5+ Kf6 59. Rd6+ Kxg5 60. a5 Ra2# 0-1